TOP OF THE 1ST |
Kingston Iguanas batting - Pitching for Buffalo LightSabres : RHP Howard Jewel
|
Pitching: RHP Howard Jewel
|
|
Batting: RHB Jesús Villalobos
|
0-0: Ball 1-0: Called Strike 1-1: Foul Ball, location: 2F 1-2: Ball 2-2: Strikes out looking
|
Batting: RHB Francisco Martínez
|
0-0: Ball 1-0: Ball 2-0: Called Strike 2-1: Fly out, F9 (Flyball, 9S)
|
Batting: LHB Poto Vasilini
|
0-0: Called Strike 0-1: DOUBLE (Line Drive, 7LM)
|
Batting: RHB Luis Aguilar
|
0-0: Swinging Strike 0-1: Foul Ball, location: 2F 0-2: Strikes out swinging
|
Top of the 1st over - 0 run(s), 1 hit(s), 0 error(s), 1 left on base; Kingston 0 - Buffalo 0 |
BOTTOM OF THE 1ST |
Buffalo LightSabres batting - Pitching for Kingston Iguanas : RHP Ron Jenkins
|
Pitching: RHP Ron Jenkins
|
|
Batting: RHB Alfredo Villegas
|
0-0: Foul Ball, location: 2F 0-1: Ball 1-1: Swinging Strike 1-2: Fly out, F4 (Popup, 34D)
|
Batting: RHB Mario Solís
|
0-0: Ball 1-0: Called Strike 1-1: Fly out, F8 (Flyball, 8LD)
|
Batting: LHB Craig Kenney
|
0-0: Ball 1-0: Ground out 1-3 (Groundball, 15S)
|
Bottom of the 1st over - 0 run(s), 0 hit(s), 0 error(s), 0 left on base; Kingston 0 - Buffalo 0 |
TOP OF THE 2ND |
Kingston Iguanas batting - Pitching for Buffalo LightSabres : RHP Howard Jewel
|
Batting: LHB Carlton López
|
0-0: Fly out, F8 (Flyball, 8LM)
|
Batting: LHB Bob Greene
|
0-0: Ball 1-0: Called Strike 1-1: Called Strike 1-2: Ball 2-2: Foul Ball, location: 2F 2-2: Strikes out swinging
|
Batting: RHB Matt Rodríguez
|
0-0: Ball 1-0: Called Strike 1-1: Foul Ball, location: 2F 1-2: Ball 2-2: Foul Ball, location: 2F 2-2: Strikes out swinging
|
Top of the 2nd over - 0 run(s), 0 hit(s), 0 error(s), 0 left on base; Kingston 0 - Buffalo 0 |
BOTTOM OF THE 2ND |
Buffalo LightSabres batting - Pitching for Kingston Iguanas : RHP Ron Jenkins
|
Batting: SHB Barrett Bowden
|
0-0: Foul Ball, location: 2F 0-1: Foul Ball, location: 2F 0-2: Ball 1-2: Ground out 3-1 (Groundball, 34S)
|
Batting: SHB Javier Jiménez
|
0-0: Ball 1-0: Ball 2-0: Foul Ball, location: 2F 2-1: Foul Ball, location: 2F 2-2: Fly out, F6 (Line Drive, 56)
|
Batting: SHB Jason Mason
|
0-0: Ground out 1-3 (Groundball, 15S)
|
Bottom of the 2nd over - 0 run(s), 0 hit(s), 0 error(s), 0 left on base; Kingston 0 - Buffalo 0 |
TOP OF THE 3RD |
Kingston Iguanas batting - Pitching for Buffalo LightSabres : RHP Howard Jewel
|
Batting: RHB Ken MacDonald
|
0-0: Fly out, F8 (Flyball, 8LM)
|
Batting: LHB Will Holt
|
0-0: Ball 1-0: SINGLE (Groundball, 6D)
|
Batting: RHB Jesús Villalobos
|
0-0: Called Strike 0-1: Grounds into double play, 1-4-3 (Groundball, 15S)
|
Top of the 3rd over - 0 run(s), 1 hit(s), 0 error(s), 0 left on base; Kingston 0 - Buffalo 0 |
BOTTOM OF THE 3RD |
Buffalo LightSabres batting - Pitching for Kingston Iguanas : RHP Ron Jenkins
|
Batting: RHB Tex Badger
|
0-0: Ground out 1-3 (Groundball, P)
|
Batting: RHB Armando Gusmán
|
0-0: Called Strike 0-1: Foul Ball, location: 2F 0-2: Ground out 5-3 (Groundball, 56)
|
Batting: SHB Manuel Jiménez
|
0-0: Called Strike 0-1: Foul Ball, location: 2F 0-2: Ball 1-2: Ball 2-2: Strikes out looking
|
Bottom of the 3rd over - 0 run(s), 0 hit(s), 0 error(s), 0 left on base; Kingston 0 - Buffalo 0 |
TOP OF THE 4TH |
Kingston Iguanas batting - Pitching for Buffalo LightSabres : RHP Howard Jewel
|
Batting: RHB Francisco Martínez
|
0-0: Foul Ball, location: 2F 0-1: Foul Ball, location: 2F 0-2: Ball 1-2: Foul Ball, location: 2F 1-2: Ball 2-2: SINGLE (Groundball, 6MD)
|
Batting: LHB Poto Vasilini
|
0-0: Ball 1-0: Called Strike Francisco Martínez steals 2nd base 1-1: Fly out, F6 (Line Drive, 6)
|
Batting: RHB Luis Aguilar
|
0-0: Ball 1-0: Called Strike 1-1: Foul Ball, location: 2F 1-2: DOUBLE (Flyball, 8RXD) Francisco Martínez scores
|
Batting: LHB Carlton López
|
0-0: Ball 1-0: Foul Ball, location: 2F 1-1: Ball Balk! Luis Aguilar to third 2-1: Swinging Strike 2-2: Foul Ball, location: 2F 2-2: Ball 3-2: Ground out 4-3 (Groundball, 34) Luis Aguilar scores
|
Batting: LHB Bob Greene
|
0-0: Ball 1-0: Ground out 4-3 (Groundball, 4)
|
Top of the 4th over - 2 run(s), 2 hit(s), 0 error(s), 0 left on base; Kingston 2 - Buffalo 0 |
BOTTOM OF THE 4TH |
Buffalo LightSabres batting - Pitching for Kingston Iguanas : RHP Ron Jenkins
|
Batting: RHB Alfredo Villegas
|
0-0: Called Strike 0-1: Swinging Strike 0-2: Ball 1-2: Ground out 6-3 (Groundball, 6MS)
|
Batting: RHB Mario Solís
|
0-0: Foul Ball, location: 2F 0-1: Ball 1-1: Fly out, F8 (Flyball, 8RM)
|
Batting: LHB Craig Kenney
|
0-0: Ball 1-0: Ball 2-0: Ground out U3 (Groundball, 3S)
|
Bottom of the 4th over - 0 run(s), 0 hit(s), 0 error(s), 0 left on base; Kingston 2 - Buffalo 0 |
TOP OF THE 5TH |
Kingston Iguanas batting - Pitching for Buffalo LightSabres : RHP Howard Jewel
|
Batting: RHB Matt Rodríguez
|
0-0: Swinging Strike 0-1: Fly out, F2 (Popup, 23)
|
Batting: RHB Ken MacDonald
|
0-0: Ball 1-0: Ball 2-0: Swinging Strike 2-1: Ball 3-1: Called Strike 3-2: Base on Balls
|
Batting: LHB Will Holt
|
0-0: Called Strike 0-1: Foul Ball, location: 2F 0-2: Strikes out swinging
|
Batting: RHB Jesús Villalobos
|
0-0: Fly out, F7 (Flyball, 7)
|
Top of the 5th over - 0 run(s), 0 hit(s), 0 error(s), 1 left on base; Kingston 2 - Buffalo 0 |
BOTTOM OF THE 5TH |
Buffalo LightSabres batting - Pitching for Kingston Iguanas : RHP Ron Jenkins
|
Batting: SHB Barrett Bowden
|
0-0: Ball 1-0: Fly out, F9 (Flyball, 9S)
|
Batting: SHB Javier Jiménez
|
0-0: Called Strike 0-1: Foul Ball, location: 2F 0-2: Ball 1-2: Ball 2-2: Ball 3-2: Foul Ball, location: 2F 3-2: Strikes out swinging
|
Batting: SHB Jason Mason
|
0-0: Ball 1-0: Ground out U3 (Groundball, 23)
|
Bottom of the 5th over - 0 run(s), 0 hit(s), 0 error(s), 0 left on base; Kingston 2 - Buffalo 0 |
TOP OF THE 6TH |
Kingston Iguanas batting - Pitching for Buffalo LightSabres : RHP Howard Jewel
|
Batting: RHB Francisco Martínez
|
0-0: Called Strike 0-1: DOUBLE (Flyball, 78D)
|
Batting: LHB Poto Vasilini
|
0-0: Ball 1-0: Ball 2-0: Called Strike 2-1: Ball 3-1: Called Strike 3-2: Strikes out looking
|
Batting: RHB Luis Aguilar
|
0-0: Foul Ball, location: 2F 0-1: Swinging Strike 0-2: Foul Ball, location: 2F 0-2: Foul Ball, location: 2F 0-2: Ball 1-2: Fly out, F5 (Popup, 56S)
|
Batting: LHB Carlton López
|
0-0: Called Strike 0-1: Foul Ball, location: 2F 0-2: Fly out, F3 (Popup, 3L)
|
Top of the 6th over - 0 run(s), 1 hit(s), 0 error(s), 1 left on base; Kingston 2 - Buffalo 0 |
BOTTOM OF THE 6TH |
Buffalo LightSabres batting - Pitching for Kingston Iguanas : RHP Ron Jenkins
|
Batting: RHB Tex Badger
|
0-0: Ball 1-0: Ball 2-0: SINGLE (Flyball, 78S)
|
Batting: RHB Armando Gusmán
|
0-0: Grounds into double play, 5-4-3 (Groundball, 56)
|
Batting: SHB Manuel Jiménez
|
0-0: Ball 1-0: SINGLE (Line Drive, 8RS)
|
Batting: RHB Alfredo Villegas
|
0-0: Ball 1-0: SINGLE (Flyball, 6MD) Manuel Jiménez to second
|
Batting: RHB Mario Solís
|
0-0: Fly out, F8 (Flyball, 8LS)
|
Bottom of the 6th over - 0 run(s), 3 hit(s), 0 error(s), 2 left on base; Kingston 2 - Buffalo 0 |
TOP OF THE 7TH |
Kingston Iguanas batting - Pitching for Buffalo LightSabres : RHP Howard Jewel
|
Batting: LHB Bob Greene
|
0-0: Fly out, F8 (Flyball, 8LXD)
|
Batting: RHB Matt Rodríguez
|
0-0: Ball 1-0: Ball 2-0: Called Strike 2-1: Foul Ball, location: 2F 2-2: Ball 3-2: Fly out, F7 (Flyball, 7)
|
Batting: RHB Ken MacDonald
|
0-0: Foul Ball, location: 2F 0-1: Ball 1-1: Ball 2-1: Ball 3-1: Called Strike 3-2: Fly out, F5 (Line Drive, 5)
|
Top of the 7th over - 0 run(s), 0 hit(s), 0 error(s), 0 left on base; Kingston 2 - Buffalo 0 |
BOTTOM OF THE 7TH |
Buffalo LightSabres batting - Pitching for Kingston Iguanas : RHP Ron Jenkins
|
Batting: LHB Craig Kenney
|
0-0: Foul Ball, location: 2F 0-1: Ball 1-1: Ball 2-1: Ground out 1-3 (Groundball, 13S)
|
Batting: SHB Barrett Bowden
|
0-0: Called Strike 0-1: Swinging Strike 0-2: Ball 1-2: Ball 2-2: Ground out 3-1 (Groundball, 34)
|
Batting: SHB Javier Jiménez
|
0-0: Called Strike 0-1: Ball 1-1: Swinging Strike 1-2: Reached on error, E7 (Flyball, 78D)
|
Batting: SHB Jason Mason
|
0-0: SINGLE (Line Drive, 7S) Javier Jiménez to third
|
Batting: RHB Tex Badger
|
0-0: Called Strike 0-1: Foul Ball, location: 2F 0-2: Fielders Choice at 2nd, 6-4 (Groundball, 6)
|
Bottom of the 7th over - 0 run(s), 1 hit(s), 1 error(s), 1 left on base; Kingston 2 - Buffalo 0 |
TOP OF THE 8TH |
Kingston Iguanas batting - Pitching for Buffalo LightSabres : RHP Howard Jewel
|
Pitching: LHP Mike O'Brien
|
|
Batting: LHB Will Holt
|
0-0: Called Strike 0-1: Ground out 5-3 (Groundball, 56S)
|
Batting: RHB Jesús Villalobos
|
0-0: Called Strike 0-1: Ball 1-1: Called Strike 1-2: Foul Ball, location: 2F 1-2: Ball 2-2: Ball 3-2: Base on Balls
|
Batting: RHB Francisco Martínez
|
0-0: Ball Jesús Villalobos is caught stealing 2nd base 1-0: Ball 2-0: Ball 3-0: Called Strike 3-1: Base on Balls
|
Batting: LHB Poto Vasilini
|
0-0: Ball 1-0: Foul Ball, location: 2F 1-1: Ball 2-1: Ball 3-1: Fielders Choice at 2nd, 4-6 (Groundball, 34)
|
Top of the 8th over - 0 run(s), 0 hit(s), 0 error(s), 0 left on base; Kingston 2 - Buffalo 0 |
BOTTOM OF THE 8TH |
Buffalo LightSabres batting - Pitching for Kingston Iguanas : RHP Ron Jenkins
|
Batting: RHB Armando Gusmán
|
0-0: Ball 1-0: Called Strike 1-1: Foul Ball, location: 2F 1-2: SINGLE (Groundball, 56S) (infield hit)
|
Batting: SHB Manuel Jiménez
|
0-0: Ball 1-0: Ball 2-0: Ball 3-0: Called Strike 3-1: Foul Ball, location: 2F 3-2: Fielders Choice at 2nd, 6-4 (Groundball, 6)
|
Batting: RHB Alfredo Villegas
|
0-0: SINGLE (Groundball, 6MD) Manuel Jiménez to second
|
Pinch Hitting: LHB Zack Payton
|
0-0: Called Strike 0-1: Ball 1-1: 3-RUN HOME RUN (Flyball, 89XD), Distance : 413 ft
|
Batting: LHB Craig Kenney
|
0-0: Called Strike 0-1: Ball 1-1: Called Strike 1-2: Foul Ball, location: 2F 1-2: SINGLE (Flyball, 8RS)
|
Batting: SHB Barrett Bowden
|
0-0: Ball 1-0: Fly out, F9 (Flyball, 89D)
|
Pitching: LHP Joe Hazelwood
|
|
Batting: SHB Javier Jiménez
|
0-0: Ball 1-0: Ball Wild Pitch! Craig Kenney to second 2-0: Fly out, F7 (Flyball, 7)
|
Bottom of the 8th over - 3 run(s), 4 hit(s), 0 error(s), 1 left on base; Kingston 2 - Buffalo 3 |
TOP OF THE 9TH |
Kingston Iguanas batting - Pitching for Buffalo LightSabres : LHP Mike O'Brien
|
Pitching: RHP Pat Jackson
|
|
Now in LF: Donato Gozende
|
|
Now in CF: Pedro Carranza
|
|
Batting: RHB Luis Aguilar
|
0-0: Ground out 1-3 (Groundball, 13S)
|
Batting: LHB Carlton López
|
0-0: Called Strike 0-1: Fly out, F7 (Flyball, 7)
|
Batting: LHB Bob Greene
|
0-0: Ball 1-0: Ball 2-0: Foul Ball, location: 2F 2-1: Called Strike 2-2: Fly out, F6 (Popup, 6M)
|
Top of the 9th over - 0 run(s), 0 hit(s), 0 error(s), 0 left on base; Kingston 2 - Buffalo 3 |
|